WCHLSIM.com - West Coast Hockey League
html PUBLIC "-//W3C//DTD XHTML 1.0 Transitional//EN" "http://www.w3.org/TR/xhtml1/DTD/xhtml1-transitional.dtd"> WCHL - Game 16 - BANFF WOLVES vs KANSAS CITY KILLERBEES

BANFF WOLVES vs KANSAS CITY KILLERBEES

Created - 13 octobre 2023 at 21:01

Goals
1 2 3 T
BANFF WOLVES 1 0 3 4
KANSAS CITY KILLERBEES 0 0 0 0
Shots
1 2 3 T
BANFF WOLVES 6 10 18 34
KANSAS CITY KILLERBEES 3 12 4 19

1st period

1. BANFF WOLVES , Timo Meier 1 (John Tavares 1, Elias Lindholm 2) at 6:09

Penalties :
Justin Faulk (BAN) for Holding (Minor) at 6:26, Nicholas Paul (KCK) for Interference (Minor) at 7:25, Justin Faulk (BAN) for Roughing (Minor) at 12:10

2nd period

No Goal

Penalties :
Nicholas Paul (KCK) for Unsportsmanlike conduct (Minor) at 7:21, Jordan Binnington (BAN) for Delaying the game (Minor) at 19:24 - Ian Cole served the penalty.

3rd period

2. BANFF WOLVES , Tyler Toffoli 2 (Jason Dickinson 1, Jordan Staal 2) at 6:51
3. BANFF WOLVES , Timo Meier 2 (John Tavares 2, Elias Lindholm 3) at 7:09
4. BANFF WOLVES , Elias Lindholm 1 (Timo Meier 1, Cam Fowler 1) at 18:09

Penalties :
Daniel Walcott (KCK) for Holding (Minor) at 14:51

Goalie Stats

Jordan Binnington (BAN), 19 saves from 19 shots - (1,000), W, 2-0-0, 60:00 minutes
Ilya Samsonov (KCK), 30 saves from 34 shots - (0,882), L, 0-1-0, 60:00 minutes

Players Stats for BANFF WOLVES

Player Name              G  A  P  +/- PIM S  H  SB GA TA FO     MP     PP MP  PK MP  
------------------------------------------------------------------------------------
Adam Erne                0  0  0   0  0   1  1  0  0  0  0/1     7:21   0:00   2:32 
Cam Fowler               0  1  1   3  0   1  2  3  0  0  0/0    23:38   1:51   3:29 
Elias Lindholm           1  2  3   3  0   5  0  0  0  0  14/24  19:39   3:09   0:00 
Eric Staal               0  0  0   0  0   0  0  0  0  0  2/5     7:14   0:00   2:25 
Ian Cole                 0  0  0   1  0   0  1  1  0  0  0/0    17:40   0:00   2:01 
Jason Dickinson          0  1  1   1  0   1  1  0  0  0  3/7    14:45   0:00   2:26 
Joel Eriksson Ek         0  0  0   0  0   5  1  0  0  0  12/19  18:16   1:48   0:00 
John Tavares             0  2  2   3  0   7  0  0  0  0  1/2    19:24   1:48   0:06 
Jordan Staal             0  1  1   1  0   1  0  0  0  0  7/8    12:19   0:00   0:00 
Justin Faulk             0  0  0   0  4   0  1  1  0  0  0/0    19:08   3:06   1:41 
Logan O'Connor           0  0  0   0  0   1  0  0  0  0  0/1     7:14   0:00   2:25 
Mats Zuccarello          0  0  0   0  0   2  0  0  0  0  0/1    18:37   3:09   0:00 
Miro Heiskanen           0  0  0   3  0   0  1  0  0  0  0/0    23:28   2:50   1:34 
Nick Leddy               0  0  0   1  0   0  0  1  0  0  0/0    16:48   0:00   1:09 
Quinton Hughes           0  0  0   0  0   1  1  0  0  0  0/0    19:16   2:07   0:00 
Roope Hintz              0  0  0   0  0   2  1  0  0  0  1/1    18:37   3:09   0:00 
Timo Meier               2  1  3   3  0   4  0  0  0  0  0/1    18:18   1:48   0:00 
Tyler Toffoli            1  0  1   1  0   3  0  0  0  0  1/2    12:19   0:00   0:00 

Players Stats for KANSAS CITY KILLERBEES

Player Name              G  A  P  +/- PIM S  H  SB GA TA FO     MP     PP MP  PK MP  
------------------------------------------------------------------------------------
Alexis Lafreniere        0  0  0  -1  0   1  2  0  0  0  2/2    17:22   2:40   0:45 
Anders Bjork             0  0  0   0  0   1  0  0  0  0  0/0     6:40   0:00   0:00 
Boone Jenner             0  0  0  -2  0   2  1  1  0  0  14/25  21:54   2:40   2:47 
Daniel Walcott           0  0  0  -2  2   1  0  0  0  0  0/0    14:43   0:00   0:48 
Jacob Muzzin             0  0  0   0  0   0  2  0  0  0  0/0    20:10   1:43   1:58 
Jakub Voracek            0  0  0  -1  0   1  0  2  0  0  0/1    13:02   0:00   0:00 
James van Riemsdyk       0  0  0  -2  0   2  0  0  0  0  1/3    20:51   2:40   2:10 
Jaret Anderson-Dolan     0  0  0   0  0   1  0  0  0  0  1/4     6:40   0:00   0:00 
K'Andre Miller           0  0  0  -2  0   1  0  1  0  0  0/0    25:24   3:14   2:29 
Mattias Ekholm           0  0  0  -2  0   0  1  2  0  0  0/0    24:43   3:14   2:29 
Morgan Barron            0  0  0  -1  0   2  0  0  0  0  2/13   12:45   0:00   0:00 
Nicholas Paul            0  0  0  -1  4   3  2  1  0  0  2/2    16:54   2:16   0:42 
Nicolas Aube-Kubel       0  0  0   0  0   0  0  0  0  0  0/1     6:40   0:00   0:00 
Philipp Kurashev         0  0  0  -2  0   1  0  0  0  0  1/3    18:01   2:17   0:00 
Riley Stillman           0  0  0  -2  0   1  0  1  0  0  0/0    14:27   0:01   0:30 
Sean Walker              0  0  0   0  0   2  1  2  0  0  0/0    20:32   1:42   1:40 
Tyler Johnson            0  0  0  -1  0   0  0  0  0  0  8/17   19:17   2:17   2:20 
Zach Aston-Reese         0  0  0  -1  0   0  0  1  0  0  0/1    13:55   0:00   1:10 

3 Stars

1 - Timo Meier (BAN)
2 - Elias Lindholm (BAN)
3 - Jordan Binnington (BAN)

Power Play

BANFF WOLVES - 0 on 3 Attempt(s) - 0,00%
KANSAS CITY KILLERBEES - 0 on 3 Attempt(s) - 0,00%

Penalty Kill

BANFF WOLVES - 3 on 3 Attempt(s) - 100,00% - Score 0 goal in Penalty Kill
KANSAS CITY KILLERBEES - 3 on 3 Attempt(s) - 100,00% - Score 0 goal in Penalty Kill

Team Stat

BANFF WOLVES - Hits : 10 - Faceoff Wins : 41 - Blocked Shots : 6 - Penalty Minutes : 6
KANSAS CITY KILLERBEES - Hits : 9 - Faceoff Wins : 31 - Blocked Shots : 11 - Penalty Minutes : 6

Official

Referees : Tom Chmielewski and TJ Luxmore
Linesman : Stephen Drain and Kelsey Mahoney

Game Notes

No Game Note

Finance

Level 1 -- Attendance: 6500 (100,00%) -- Ticket Income 975 000 $
Level 2 -- Attendance: 4927 (92,96%) -- Ticket Income 591 240 $
Level 3 -- Attendance: 2279 (91,16%) -- Ticket Income 205 110 $
Level 4 -- Attendance: 4200 (100,00%) -- Ticket Income 210 000 $
Luxury Box -- Attendance: 1020 (100,00%) -- Ticket Income 295 800 $
Game was played at the Missouri Beehive Complex.
Total Attendance: 18926 (96,96%)
Total Ticket Income: 2 277 150 $
Other Expense: 22 772 $
Total Income: 2 254 378 $

BANFF WOLVES

5 vs 5 Forward 
   Center                   Left Wing                Right Wing               Time % Phy DF OF 
 1 Elias Lindholm           John Tavares             Timo Meier               36     0   1  4  
 2 Joel Eriksson Ek         Roope Hintz              Mats Zuccarello          31     0   1  4  
 3 Jordan Staal             Jason Dickinson          Tyler Toffoli            23     1   3  1  
 4 Eric Staal               Adam Erne                Logan O'Connor           10     0   3  2  

5 vs 5 Defense 
   Defense                  Defense                                           Time % Phy DF OF 
 1 Miro Heiskanen           Cam Fowler                                        36     1   2  2  
 2 Justin Faulk             Quinton Hughes                                    31     1   2  2  
 3 Nick Leddy               Ian Cole                                          23     1   2  2  
 4 Miro Heiskanen           Quinton Hughes                                    10     1   2  2  

PowerPlay Forward 
   Center                   Left Wing                Right Wing               Time % Phy DF OF 
 1 Elias Lindholm           Roope Hintz              Mats Zuccarello          55     1   2  2  
 2 Joel Eriksson Ek         John Tavares             Timo Meier               45     1   2  2  

PowerPlay Defense
   Defense                  Defense                                           Time % Phy DF OF 
 1 Miro Heiskanen           Cam Fowler                                        55     1   2  2  
 2 Justin Faulk             Quinton Hughes                                    45     1   2  2  

Penalty Kill 4 Players Forward 
   Center                   Wing                     Time % Phy DF OF 
 1 Jason Dickinson          Adam Erne                55     0   5  0  
 2 Eric Staal               Logan O'Connor           45     0   5  0  

Penalty Kill 4 Players Defense
   Defense                  Defense                  Time % Phy DF OF 
 1 Ian Cole                 Justin Faulk             55     0   5  0  
 2 Nick Leddy               Cam Fowler               45     0   5  0  

Penalty Kill - 3 Players Forward 
   Forward                                           Time % Phy DF OF 
 1 Eric Staal                                        55     0   5  0  
 2 Jason Dickinson                                   45     0   5  0  

Penalty Kill - 3 Players Defense
   Defense                  Defense                  Time % Phy DF OF 
 1 Justin Faulk             Ian Cole                 55     0   5  0  
 2 Nick Leddy               Cam Fowler               45     0   5  0  

4 vs 4 Forward 
   Center                   Wing                     Time % Phy DF OF 
 1 Joel Eriksson Ek         John Tavares             55     1   2  2  
 2 Elias Lindholm           Roope Hintz              45     1   2  2  

4 vs 4 Defense
   Defense                  Defense                  Time % Phy DF OF 
 1 Miro Heiskanen           Quinton Hughes           55     1   2  2  
 2 Justin Faulk             Cam Fowler               45     1   2  2  

Last Minutes Offensive
   Center                   Left Wing                Right Wing               Defense                  Defense                  
   Elias Lindholm           John Tavares             Mats Zuccarello          Miro Heiskanen           Quinton Hughes           

Last Minutes Defensive
   Center                   Left Wing                Right Wing               Defense                  Defense                  
   Joel Eriksson Ek         Jason Dickinson          Mats Zuccarello          Cam Fowler               Ian Cole                 

Goaltenders
Starting : Jordan Binnington        
Backup : Jeremy Swayman           

Extra Forwards
Normal : John Tavares, Mats Zuccarello, Roope Hintz - PP : Mats Zuccarello, John Tavares - PK : John Tavares
Extra Defensemen
Normal : Quinton Hughes, Miro Heiskanen, Justin Faulk - PP : Quinton Hughes - PK : Cam Fowler, Miro Heiskanen
Penalty Shots
Mats Zuccarello, Roope Hintz, John Tavares, Tyler Toffoli, Timo Meier
Custom OT Lines Forwards
John Tavares, Mats Zuccarello, Elias Lindholm, Roope Hintz, Joel Eriksson Ek, Tyler Toffoli, Timo Meier, Eric Staal, Jordan Staal, Jason Dickinson
Custom OT Lines Defensemen
Miro Heiskanen, Quinton Hughes, Justin Faulk, Cam Fowler, Nick Leddy

Scratches
Adam Henrique (Left Hand Injury), Simon Benoit (Healthy)

KANSAS CITY KILLERBEES

5 vs 5 Forward 
   Center                   Left Wing                Right Wing               Time % Phy DF OF 
 1 Boone Jenner             James van Riemsdyk       Philipp Kurashev         36     1   2  2  
 2 Tyler Johnson            Nicholas Paul            Alexis Lafreniere        31     1   2  2  
 3 Morgan Barron            Zach Aston-Reese         Jakub Voracek            23     1   2  2  
 4 Jaret Anderson-Dolan     Anders Bjork             Nicolas Aube-Kubel       10     1   2  2  

5 vs 5 Defense 
   Defense                  Defense                                           Time % Phy DF OF 
 1 Mattias Ekholm           K'Andre Miller                                    36     1   2  2  
 2 Sean Walker              Jacob Muzzin                                      34     1   2  2  
 3 Riley Stillman           Daniel Walcott                                    22     1   2  2  
 4 Mattias Ekholm           K'Andre Miller                                    8      1   2  2  

PowerPlay Forward 
   Center                   Left Wing                Right Wing               Time % Phy DF OF 
 1 Boone Jenner             James van Riemsdyk       Alexis Lafreniere        55     1   2  2  
 2 Tyler Johnson            Nicholas Paul            Philipp Kurashev         45     1   2  2  

PowerPlay Defense
   Defense                  Defense                                           Time % Phy DF OF 
 1 Mattias Ekholm           K'Andre Miller                                    55     1   2  2  
 2 Sean Walker              Jacob Muzzin                                      45     1   2  2  

Penalty Kill 4 Players Forward 
   Center                   Wing                     Time % Phy DF OF 
 1 Boone Jenner             Tyler Johnson            55     1   2  2  
 2 James van Riemsdyk       Nicholas Paul            45     1   2  2  

Penalty Kill 4 Players Defense
   Defense                  Defense                  Time % Phy DF OF 
 1 Mattias Ekholm           K'Andre Miller           55     1   2  2  
 2 Sean Walker              Jacob Muzzin             45     1   2  2  

Penalty Kill - 3 Players Forward 
   Forward                                           Time % Phy DF OF 
 1 Boone Jenner                                      55     1   2  2  
 2 Tyler Johnson                                     45     1   2  2  

Penalty Kill - 3 Players Defense
   Defense                  Defense                  Time % Phy DF OF 
 1 Mattias Ekholm           K'Andre Miller           55     1   2  2  
 2 Sean Walker              Jacob Muzzin             45     1   2  2  

4 vs 4 Forward 
   Center                   Wing                     Time % Phy DF OF 
 1 Boone Jenner             Tyler Johnson            55     1   2  2  
 2 James van Riemsdyk       Nicholas Paul            45     1   2  2  

4 vs 4 Defense
   Defense                  Defense                  Time % Phy DF OF 
 1 Mattias Ekholm           K'Andre Miller           55     1   2  2  
 2 Sean Walker              Jacob Muzzin             45     1   2  2  

Last Minutes Offensive
   Center                   Left Wing                Right Wing               Defense                  Defense                  
   Boone Jenner             James van Riemsdyk       Nicholas Paul            Alexis Lafreniere        K'Andre Miller           

Last Minutes Defensive
   Center                   Left Wing                Right Wing               Defense                  Defense                  
   Boone Jenner             James van Riemsdyk       Philipp Kurashev         Mattias Ekholm           K'Andre Miller           

Goaltenders
Starting : Ilya Samsonov            
Backup : Cal Petersen             

Extra Forwards
Normal : Jakub Voracek, Morgan Barron, Zach Aston-Reese - PP : Jakub Voracek, Morgan Barron - PK : Zach Aston-Reese
Extra Defensemen
Normal : Riley Stillman, Daniel Walcott, Sean Walker - PP : Riley Stillman - PK : Daniel Walcott, Sean Walker
Penalty Shots
Boone Jenner, Tyler Johnson, James van Riemsdyk, Nicholas Paul, Philipp Kurashev
Custom OT Lines Forwards
Boone Jenner, Tyler Johnson, James van Riemsdyk, Nicholas Paul, Philipp Kurashev, Alexis Lafreniere, Jakub Voracek, Morgan Barron, Zach Aston-Reese, Jaret Anderson-Dolan
Custom OT Lines Defensemen
Mattias Ekholm, K'Andre Miller, Sean Walker, Jacob Muzzin, Riley Stillman

Scratches
None


% Time on Ice - BANFF WOLVES

Lines # - Real PCT - Wanted PCT - Time Play
Normal Forward
1 - 34% - 36% - 16:30
2 - 32% - 31% - 15:28
3 - 25% - 23% - 12:19
4 - 10% - 10% - 4:49
Normal Defense
1 - 35% - 36% - 17:18
2 - 29% - 31% - 14:23
3 - 32% - 23% - 15:39
4 - 4% - 10% - 1:46
PP Forward
1 - 64% - 55% - 3:09
2 - 36% - 45% - 1:48
PP Defense
1 - 57% - 55% - 2:50
2 - 43% - 45% - 2:07
PK Forward
1 - 51% - 55% - 2:32
2 - 49% - 45% - 2:25
PK Defense
1 - 77% - 55% - 3:48
2 - 23% - 45% - 1:09
PK3 Forward
1 - 0% - 55%
2 - 0% - 45%
PK3 Defense
1 - 0% - 55%
2 - 0% - 45%
44 Forward
1 - 100% - 55% - 1:00
2 - 0% - 45% - 0:00
44 Defense
1 - 0% - 55% - 0:00
2 - 100% - 45% - 1:00
Last Minute Offensive  - 0:00
Last Minute Defensive  - 0:00
Total
Forward - 60:00
Defense - 60:00

% Time on Ice - KANSAS CITY KILLERBEES

Lines # - Real PCT - Wanted PCT - Time Play
Normal Forward
1 - 32% - 36% - 15:44
2 - 28% - 31% - 13:57
3 - 26% - 23% - 12:45
4 - 14% - 10% - 6:40
Normal Defense
1 - 35% - 36% - 17:05
2 - 34% - 34% - 16:27
3 - 28% - 22% - 13:56
4 - 3% - 8% - 1:38
PP Forward
1 - 54% - 55% - 2:40
2 - 46% - 45% - 2:17
PP Defense
1 - 65% - 55% - 3:14
2 - 35% - 45% - 1:43
PK Forward
1 - 56% - 55% - 2:47
2 - 44% - 45% - 2:10
PK Defense
1 - 60% - 55% - 2:59
2 - 40% - 45% - 1:58
PK3 Forward
1 - 0% - 55%
2 - 0% - 45%
PK3 Defense
1 - 0% - 55%
2 - 0% - 45%
44 Forward
1 - 72% - 55% - 0:43
2 - 28% - 45% - 0:17
44 Defense
1 - 28% - 55% - 0:17
2 - 72% - 45% - 0:43
Last Minute Offensive  - 0:00
Last Minute Defensive  - 0:00
Total
Forward - 60:00
Defense - 60:00

Play-by-Play

1st period


0:01 of 1st period - Elias Lindholm wins face-off versus Boone Jenner in neutral zone.
0:13 of 1st period - Icing by Mattias Ekholm.
0:14 of 1st period - Boone Jenner wins face-off versus Joel Eriksson Ek in KANSAS CITY KILLERBEES zone.
0:24 of 1st period - Icing by Quinton Hughes.
0:25 of 1st period - Tyler Johnson wins face-off versus Joel Eriksson Ek in BANFF WOLVES zone.
1:11 of 1st period - Icing by Jacob Muzzin.
1:12 of 1st period - Alexis Lafreniere wins face-off versus Jason Dickinson in KANSAS CITY KILLERBEES zone.
1:22 of 1st period - Icing by Jason Dickinson.
1:23 of 1st period - Tyler Toffoli wins face-off versus Morgan Barron in BANFF WOLVES zone.
1:29 of 1st period - Off-side.
1:30 of 1st period - Morgan Barron wins face-off versus Elias Lindholm in neutral zone.
1:37 of 1st period - Shot by Jakub Voracek.
1:37 of 1st period - Shot Misses the Net.
2:10 of 1st period - Shot by Morgan Barron.
2:10 of 1st period - Shot Misses the Net.
3:06 of 1st period - Shot by Philipp Kurashev.
3:06 of 1st period - Shot Misses the Net.
4:15 of 1st period - Icing by Jaret Anderson-Dolan.
4:16 of 1st period - Elias Lindholm wins face-off versus Jaret Anderson-Dolan in KANSAS CITY KILLERBEES zone.
4:29 of 1st period - Shot by Elias Lindholm.
4:29 of 1st period - Stopped by Ilya Samsonov without a rebound.
4:30 of 1st period - Tyler Johnson wins face-off versus Joel Eriksson Ek in KANSAS CITY KILLERBEES zone.
5:12 of 1st period - Shot by Joel Eriksson Ek.
5:12 of 1st period - Stopped by Ilya Samsonov with a rebound.
5:14 of 1st period - Shot by Joel Eriksson Ek.
5:14 of 1st period - Deflect By Roope Hintz.
5:14 of 1st period - Stopped by Ilya Samsonov without a rebound.
5:15 of 1st period - Boone Jenner wins face-off versus Elias Lindholm in KANSAS CITY KILLERBEES zone.
5:19 of 1st period - Icing by James van Riemsdyk.
5:20 of 1st period - Elias Lindholm wins face-off versus James van Riemsdyk in KANSAS CITY KILLERBEES zone.
6:09 of 1st period - Shot by Timo Meier.
6:09 of 1st period - Goal by Timo Meier - BANFF WOLVES : 1 - KANSAS CITY KILLERBEES : 0.
6:10 of 1st period - Tyler Johnson wins face-off versus Logan O'Connor in neutral zone.
6:12 of 1st period - Nicholas Paul is hit by Justin Faulk and loses puck.
6:26 of 1st period - Minor Penalty to Justin Faulk for Holding.
6:27 of 1st period - Nicholas Paul wins face-off versus Adam Erne in BANFF WOLVES zone.
6:40 of 1st period - Shot by Tyler Johnson.
6:40 of 1st period - Deflect By Philipp Kurashev.
6:40 of 1st period - Shot Misses the Net.
6:44 of 1st period - Shot by Tyler Johnson.
6:44 of 1st period - Shot Misses the Net.
6:46 of 1st period - Shot by Nicholas Paul.
6:46 of 1st period - Stopped by Jordan Binnington without a rebound.
6:47 of 1st period - Boone Jenner wins face-off versus Eric Staal in BANFF WOLVES zone.
6:56 of 1st period - Shot by Boone Jenner.
6:56 of 1st period - Shot Misses the Net.
6:58 of 1st period - Shot by Boone Jenner.
6:58 of 1st period - Shot Blocked by Ian Cole.
7:10 of 1st period - Shot by Boone Jenner.
7:10 of 1st period - Deflect By Alexis Lafreniere.
7:10 of 1st period - Shot Misses the Net.
7:18 of 1st period - Shot by Boone Jenner.
7:18 of 1st period - Shot Misses the Net.
7:24 of 1st period - Shot by K'Andre Miller.
7:24 of 1st period - Stopped by Jordan Binnington without a rebound.
7:25 of 1st period - Jason Dickinson wins face-off versus Tyler Johnson in BANFF WOLVES zone.
7:25 of 1st period - Minor Penalty to Nicholas Paul for Interference.
7:26 of 1st period - Joel Eriksson Ek wins face-off versus Boone Jenner in KANSAS CITY KILLERBEES zone.
7:45 of 1st period - Shot by John Tavares.
7:45 of 1st period - Shot Misses the Net.
8:31 of 1st period - Icing by Justin Faulk.
8:32 of 1st period - Boone Jenner wins face-off versus Elias Lindholm in BANFF WOLVES zone.
9:59 of 1st period - Shot by Jaret Anderson-Dolan.
9:59 of 1st period - Shot Blocked by Nick Leddy.
10:01 of 1st period - Shot by Nicolas Aube-Kubel.
10:01 of 1st period - Shot Misses the Net.
10:03 of 1st period - Shot by Jaret Anderson-Dolan.
10:03 of 1st period - Shot Misses the Net.
10:18 of 1st period - Icing by Nicholas Paul.
10:19 of 1st period - Eric Staal wins face-off versus Tyler Johnson in KANSAS CITY KILLERBEES zone.
10:36 of 1st period - Shot by Logan O'Connor.
10:36 of 1st period - Stopped by Ilya Samsonov without a rebound.
10:37 of 1st period - Boone Jenner wins face-off versus Joel Eriksson Ek in KANSAS CITY KILLERBEES zone.
10:37 of 1st period - Boone Jenner is hit by Joel Eriksson Ek.
11:26 of 1st period - Boone Jenner is hit by Miro Heiskanen and loses puck.
12:05 of 1st period - Shot by Morgan Barron.
12:05 of 1st period - Shot Misses the Net.
12:07 of 1st period - Shot by Mattias Ekholm.
12:07 of 1st period - Shot Blocked by Justin Faulk.
12:10 of 1st period - Minor Penalty to Justin Faulk for Roughing.
12:11 of 1st period - Jason Dickinson wins face-off versus Tyler Johnson in BANFF WOLVES zone.
12:20 of 1st period - Shot by Tyler Johnson.
12:20 of 1st period - Shot Misses the Net.
12:22 of 1st period - Shot by K'Andre Miller.
12:22 of 1st period - Shot Misses the Net.
12:46 of 1st period - Eric Staal is hit by Nicholas Paul and loses puck.
12:57 of 1st period - Shot by Alexis Lafreniere.
12:57 of 1st period - Stopped by Jordan Binnington without a rebound.
12:58 of 1st period - Boone Jenner wins face-off versus Jason Dickinson in BANFF WOLVES zone.
13:31 of 1st period - Shot by Boone Jenner.
13:31 of 1st period - Shot Misses the Net.
14:04 of 1st period - Shot by Philipp Kurashev.
14:04 of 1st period - Shot Misses the Net.
14:26 of 1st period - Shot by Elias Lindholm.
14:26 of 1st period - Shot Blocked by Riley Stillman.
14:28 of 1st period - Shot by Timo Meier.
14:28 of 1st period - Shot Misses the Net.
14:50 of 1st period - Shot by John Tavares.
14:50 of 1st period - Stopped by Ilya Samsonov without a rebound.
14:51 of 1st period - Joel Eriksson Ek wins face-off versus Jaret Anderson-Dolan in KANSAS CITY KILLERBEES zone.
15:56 of 1st period - Shot by Tyler Toffoli.
15:56 of 1st period - Shot Misses the Net.
16:07 of 1st period - Shot by Tyler Johnson.
16:07 of 1st period - Shot Misses the Net.
16:11 of 1st period - Shot by Alexis Lafreniere.
16:11 of 1st period - Shot Misses the Net.
18:28 of 1st period - Shot by Mats Zuccarello.
18:28 of 1st period - Shot Misses the Net.
18:30 of 1st period - Shot by Mats Zuccarello.
18:30 of 1st period - Shot Blocked by Jakub Voracek.
18:32 of 1st period - Shot by Justin Faulk.
18:32 of 1st period - Shot Blocked by K'Andre Miller.
18:40 of 1st period - Shot by Mats Zuccarello.
18:40 of 1st period - Shot Blocked by Mattias Ekholm.
19:18 of 1st period - Icing by Mattias Ekholm.
19:19 of 1st period - Eric Staal wins face-off versus Morgan Barron in KANSAS CITY KILLERBEES zone.
Goals for this period are 1 for BANFF WOLVES vs 0 for KANSAS CITY KILLERBEES.
Shots for this period are 6 for BANFF WOLVES vs 3 for KANSAS CITY KILLERBEES.

2nd period


0:01 of 2nd period - Elias Lindholm wins face-off versus Boone Jenner in neutral zone.
0:16 of 2nd period - Shot by John Tavares.
0:16 of 2nd period - Shot Misses the Net.
0:40 of 2nd period - Shot by James van Riemsdyk.
0:40 of 2nd period - Stopped by Jordan Binnington with a rebound.
0:42 of 2nd period - Shot by Boone Jenner.
0:42 of 2nd period - Stopped by Jordan Binnington without a rebound.
0:43 of 2nd period - Joel Eriksson Ek wins face-off versus Tyler Johnson in BANFF WOLVES zone.
0:50 of 2nd period - Shot by Mats Zuccarello.
0:50 of 2nd period - Shot Misses the Net.
1:41 of 2nd period - Tyler Johnson is hit by Adam Erne.
1:53 of 2nd period - Shot by Logan O'Connor.
1:53 of 2nd period - Shot Misses the Net.
1:55 of 2nd period - Shot by Adam Erne.
1:55 of 2nd period - Stopped by Ilya Samsonov with a rebound.
2:09 of 2nd period - Eric Staal is hit by Alexis Lafreniere and loses puck.
2:43 of 2nd period - Philipp Kurashev is hit by Ian Cole and loses puck.
2:58 of 2nd period - Shot by Boone Jenner.
2:58 of 2nd period - Shot Misses the Net.
3:30 of 2nd period - Shot by John Tavares.
3:30 of 2nd period - Stopped by Ilya Samsonov without a rebound.
3:31 of 2nd period - Morgan Barron wins face-off versus Joel Eriksson Ek in KANSAS CITY KILLERBEES zone.
3:42 of 2nd period - Shot by Roope Hintz.
3:42 of 2nd period - Shot Misses the Net.
3:44 of 2nd period - Shot by Joel Eriksson Ek.
3:44 of 2nd period - Stopped by Ilya Samsonov without a rebound.
3:45 of 2nd period - Jaret Anderson-Dolan wins face-off versus John Tavares in KANSAS CITY KILLERBEES zone.
4:11 of 2nd period - Shot by Jaret Anderson-Dolan.
4:11 of 2nd period - Deflect By Anders Bjork.
4:11 of 2nd period - Stopped by Jordan Binnington with a rebound.
4:13 of 2nd period - Shot by Daniel Walcott.
4:13 of 2nd period - Stopped by Jordan Binnington without a rebound.
4:14 of 2nd period - Joel Eriksson Ek wins face-off versus Jakub Voracek in BANFF WOLVES zone.
4:19 of 2nd period - Jakub Voracek is hit by Roope Hintz.
4:23 of 2nd period - Shot by Morgan Barron.
4:23 of 2nd period - Stopped by Jordan Binnington with a rebound.
4:29 of 2nd period - Shot by Mats Zuccarello.
4:29 of 2nd period - Shot Misses the Net.
5:45 of 2nd period - Shot by John Tavares.
5:45 of 2nd period - Stopped by Ilya Samsonov without a rebound.
5:46 of 2nd period - Jordan Staal wins face-off versus Boone Jenner in KANSAS CITY KILLERBEES zone.
6:20 of 2nd period - Shot by James van Riemsdyk.
6:20 of 2nd period - Stopped by Jordan Binnington with a rebound.
7:21 of 2nd period - Minor Penalty to Nicholas Paul for Unsportsmanlike conduct.
7:22 of 2nd period - Elias Lindholm wins face-off versus Boone Jenner in KANSAS CITY KILLERBEES zone.
8:58 of 2nd period - Shot by John Tavares.
8:58 of 2nd period - Stopped by Ilya Samsonov with a rebound.
9:38 of 2nd period - Shot by Adam Erne.
9:38 of 2nd period - Shot Misses the Net.
10:27 of 2nd period - Shot by Tyler Toffoli.
10:27 of 2nd period - Stopped by Ilya Samsonov without a rebound.
10:28 of 2nd period - Joel Eriksson Ek wins face-off versus Morgan Barron in KANSAS CITY KILLERBEES zone.
11:25 of 2nd period - Shot by Elias Lindholm.
11:25 of 2nd period - Deflect By Timo Meier.
11:25 of 2nd period - Stopped by Ilya Samsonov without a rebound.
11:26 of 2nd period - Elias Lindholm wins face-off versus Boone Jenner in KANSAS CITY KILLERBEES zone.
11:45 of 2nd period - Shot by Timo Meier.
11:45 of 2nd period - Stopped by Ilya Samsonov without a rebound.
11:46 of 2nd period - Tyler Johnson wins face-off versus Tyler Toffoli in KANSAS CITY KILLERBEES zone.
12:30 of 2nd period - Off-side.
12:31 of 2nd period - Boone Jenner wins face-off versus Elias Lindholm in neutral zone.
12:33 of 2nd period - James van Riemsdyk is hit by Quinton Hughes and loses puck.
14:04 of 2nd period - Shot by Roope Hintz.
14:04 of 2nd period - Stopped by Ilya Samsonov with a rebound.
14:19 of 2nd period - Icing by Riley Stillman.
14:20 of 2nd period - Jordan Staal wins face-off versus Morgan Barron in KANSAS CITY KILLERBEES zone.
14:40 of 2nd period - Shot by Tyler Johnson.
14:40 of 2nd period - Deflect By Nicholas Paul.
14:40 of 2nd period - Shot Misses the Net.
14:42 of 2nd period - Shot by Nicholas Paul.
14:42 of 2nd period - Stopped by Jordan Binnington without a rebound.
14:43 of 2nd period - Tyler Johnson wins face-off versus Elias Lindholm in BANFF WOLVES zone.
14:58 of 2nd period - Elias Lindholm is hit by Nicholas Paul and loses puck.
15:05 of 2nd period - Shot by Nicholas Paul.
15:05 of 2nd period - Stopped by Jordan Binnington without a rebound.
15:06 of 2nd period - Roope Hintz wins face-off versus Philipp Kurashev in BANFF WOLVES zone.
15:17 of 2nd period - Shot by Joel Eriksson Ek.
15:17 of 2nd period - Stopped by Ilya Samsonov without a rebound.
15:18 of 2nd period - Nicholas Paul wins face-off versus Elias Lindholm in KANSAS CITY KILLERBEES zone.
15:51 of 2nd period - Shot by John Tavares.
15:51 of 2nd period - Shot Blocked by Nicholas Paul.
16:48 of 2nd period - Cam Fowler is hit by Alexis Lafreniere and loses puck.
16:52 of 2nd period - Icing by Miro Heiskanen.
16:53 of 2nd period - Boone Jenner wins face-off versus Joel Eriksson Ek in BANFF WOLVES zone.
16:56 of 2nd period - Shot by James van Riemsdyk.
16:56 of 2nd period - Shot Misses the Net.
17:12 of 2nd period - Shot by Boone Jenner.
17:12 of 2nd period - Deflect By James van Riemsdyk.
17:12 of 2nd period - Shot Misses the Net.
17:14 of 2nd period - Shot by Mattias Ekholm.
17:14 of 2nd period - Shot Misses the Net.
17:32 of 2nd period - Shot by Boone Jenner.
17:32 of 2nd period - Stopped by Jordan Binnington with a rebound.
17:34 of 2nd period - Shot by Boone Jenner.
17:34 of 2nd period - Shot Blocked by Cam Fowler.
18:02 of 2nd period - Elias Lindholm is hit by Boone Jenner.
18:19 of 2nd period - Off-side.
18:20 of 2nd period - Jordan Staal wins face-off versus Nicolas Aube-Kubel in neutral zone.
18:57 of 2nd period - Icing by Nick Leddy.
18:58 of 2nd period - Jason Dickinson wins face-off versus Morgan Barron in BANFF WOLVES zone.
19:24 of 2nd period - Shot by Jakub Voracek.
19:24 of 2nd period - Stopped by Jordan Binnington without a rebound.
19:24 of 2nd period - Minor Penalty to Jordan Binnington for Delaying the game.
19:25 of 2nd period - John Tavares wins face-off versus Tyler Johnson in BANFF WOLVES zone.
19:44 of 2nd period - Shot by Philipp Kurashev.
19:44 of 2nd period - Stopped by Jordan Binnington without a rebound.
19:45 of 2nd period - Boone Jenner wins face-off versus Eric Staal in BANFF WOLVES zone.
19:48 of 2nd period - Shot by Alexis Lafreniere.
19:48 of 2nd period - Shot Blocked by Cam Fowler.
19:50 of 2nd period - Shot by Sean Walker.
19:50 of 2nd period - Stopped by Jordan Binnington without a rebound.
19:51 of 2nd period - Boone Jenner wins face-off versus Jason Dickinson in BANFF WOLVES zone.
Goals for this period are 0 for BANFF WOLVES vs 0 for KANSAS CITY KILLERBEES.
Shots for this period are 10 for BANFF WOLVES vs 12 for KANSAS CITY KILLERBEES.

3rd period


0:01 of 3rd period - James van Riemsdyk wins face-off versus Jason Dickinson in neutral zone.
1:41 of 3rd period - Shot by John Tavares.
1:41 of 3rd period - Stopped by Ilya Samsonov with a rebound.
1:51 of 3rd period - Shot by John Tavares.
1:51 of 3rd period - Shot Misses the Net.
1:57 of 3rd period - Shot by John Tavares.
1:57 of 3rd period - Stopped by Ilya Samsonov without a rebound.
1:58 of 3rd period - Joel Eriksson Ek wins face-off versus Jaret Anderson-Dolan in KANSAS CITY KILLERBEES zone.
2:12 of 3rd period - Shot by Joel Eriksson Ek.
2:12 of 3rd period - Shot Blocked by Sean Walker.
2:58 of 3rd period - Shot by Elias Lindholm.
2:58 of 3rd period - Stopped by Ilya Samsonov without a rebound.
2:59 of 3rd period - Elias Lindholm wins face-off versus James van Riemsdyk in KANSAS CITY KILLERBEES zone.
3:43 of 3rd period - Shot by Elias Lindholm.
3:43 of 3rd period - Stopped by Ilya Samsonov without a rebound.
3:44 of 3rd period - Jordan Staal wins face-off versus Tyler Johnson in KANSAS CITY KILLERBEES zone.
3:51 of 3rd period - Riley Stillman is hit by Jason Dickinson and loses puck.
4:16 of 3rd period - Shot by Tyler Toffoli.
4:16 of 3rd period - Stopped by Ilya Samsonov without a rebound.
4:17 of 3rd period - Joel Eriksson Ek wins face-off versus Morgan Barron in KANSAS CITY KILLERBEES zone.
4:32 of 3rd period - Shot by Morgan Barron.
4:32 of 3rd period - Stopped by Jordan Binnington without a rebound.
4:33 of 3rd period - Boone Jenner wins face-off versus Elias Lindholm in BANFF WOLVES zone.
4:34 of 3rd period - Shot by James van Riemsdyk.
4:34 of 3rd period - Deflect By Boone Jenner.
4:34 of 3rd period - Shot Misses the Net.
4:36 of 3rd period - Shot by Sean Walker.
4:36 of 3rd period - Stopped by Jordan Binnington without a rebound.
4:37 of 3rd period - Elias Lindholm wins face-off versus Philipp Kurashev in BANFF WOLVES zone.
4:45 of 3rd period - Elias Lindholm is hit by Jacob Muzzin and loses puck.
5:36 of 3rd period - Shot by Joel Eriksson Ek.
5:36 of 3rd period - Shot Blocked by Sean Walker.
6:11 of 3rd period - Icing by Sean Walker.
6:12 of 3rd period - Jordan Staal wins face-off versus Boone Jenner in KANSAS CITY KILLERBEES zone.
6:16 of 3rd period - Shot by Jason Dickinson.
6:16 of 3rd period - Stopped by Ilya Samsonov without a rebound.
6:17 of 3rd period - Tyler Johnson wins face-off versus Jordan Staal in KANSAS CITY KILLERBEES zone.
6:51 of 3rd period - Shot by Tyler Toffoli.
6:51 of 3rd period - Goal by Tyler Toffoli - BANFF WOLVES : 2 - KANSAS CITY KILLERBEES : 0.
6:52 of 3rd period - Elias Lindholm wins face-off versus Morgan Barron in neutral zone.
6:55 of 3rd period - Shot by Timo Meier.
6:55 of 3rd period - Shot Blocked by Jakub Voracek.
6:57 of 3rd period - Shot by Miro Heiskanen.
6:57 of 3rd period - Shot Blocked by Zach Aston-Reese.
6:59 of 3rd period - Shot by Elias Lindholm.
6:59 of 3rd period - Stopped by Ilya Samsonov without a rebound.
7:00 of 3rd period - Elias Lindholm wins face-off versus Morgan Barron in KANSAS CITY KILLERBEES zone.
7:09 of 3rd period - Shot by John Tavares.
7:09 of 3rd period - Deflect By Timo Meier.
7:09 of 3rd period - Goal by Timo Meier - BANFF WOLVES : 3 - KANSAS CITY KILLERBEES : 0.
7:10 of 3rd period - Tyler Johnson wins face-off versus Timo Meier in neutral zone.
7:34 of 3rd period - Tyler Johnson is hit by Cam Fowler and loses puck.
8:38 of 3rd period - Shot by Mats Zuccarello.
8:38 of 3rd period - Shot Blocked by Boone Jenner.
9:39 of 3rd period - Jason Dickinson is hit by Sean Walker.
9:56 of 3rd period - Jason Dickinson is hit by Jacob Muzzin and loses puck.
10:47 of 3rd period - Shot by Jaret Anderson-Dolan.
10:47 of 3rd period - Stopped by Jordan Binnington without a rebound.
10:48 of 3rd period - Boone Jenner wins face-off versus Elias Lindholm in BANFF WOLVES zone.
10:56 of 3rd period - Icing by Miro Heiskanen.
10:57 of 3rd period - Boone Jenner wins face-off versus Elias Lindholm in BANFF WOLVES zone.
10:59 of 3rd period - Philipp Kurashev is hit by Cam Fowler and loses puck.
11:24 of 3rd period - Shot by Elias Lindholm.
11:24 of 3rd period - Shot Misses the Net.
11:26 of 3rd period - Shot by Cam Fowler.
11:26 of 3rd period - Stopped by Ilya Samsonov without a rebound.
11:27 of 3rd period - Joel Eriksson Ek wins face-off versus Tyler Johnson in KANSAS CITY KILLERBEES zone.
11:28 of 3rd period - Shot by Mats Zuccarello.
11:28 of 3rd period - Stopped by Ilya Samsonov without a rebound.
11:29 of 3rd period - Tyler Johnson wins face-off versus Mats Zuccarello in KANSAS CITY KILLERBEES zone.
11:48 of 3rd period - Shot by Mats Zuccarello.
11:48 of 3rd period - Deflect By Joel Eriksson Ek.
11:48 of 3rd period - Shot Misses the Net.
11:50 of 3rd period - Shot by Joel Eriksson Ek.
11:50 of 3rd period - Shot Misses the Net.
12:04 of 3rd period - Shot by Mats Zuccarello.
12:04 of 3rd period - Shot Misses the Net.
12:18 of 3rd period - Shot by Mats Zuccarello.
12:18 of 3rd period - Stopped by Ilya Samsonov without a rebound.
12:19 of 3rd period - Elias Lindholm wins face-off versus Boone Jenner in KANSAS CITY KILLERBEES zone.
12:36 of 3rd period - Shot by Boone Jenner.
12:36 of 3rd period - Shot Blocked by Cam Fowler.
12:45 of 3rd period - Icing by Philipp Kurashev.
12:46 of 3rd period - Boone Jenner wins face-off versus Eric Staal in KANSAS CITY KILLERBEES zone.
13:59 of 3rd period - Shot by Nicholas Paul.
13:59 of 3rd period - Shot Misses the Net.
14:13 of 3rd period - Shot by Nicholas Paul.
14:13 of 3rd period - Shot Misses the Net.
14:42 of 3rd period - Icing by Daniel Walcott.
14:43 of 3rd period - Joel Eriksson Ek wins face-off versus Morgan Barron in KANSAS CITY KILLERBEES zone.
14:51 of 3rd period - Minor Penalty to Daniel Walcott for Holding.
14:52 of 3rd period - Elias Lindholm wins face-off versus Boone Jenner in KANSAS CITY KILLERBEES zone.
15:19 of 3rd period - Shot by Elias Lindholm.
15:19 of 3rd period - Shot Misses the Net.
15:33 of 3rd period - Shot by Quinton Hughes.
15:33 of 3rd period - Shot Misses the Net.
15:35 of 3rd period - Shot by Justin Faulk.
15:35 of 3rd period - Shot Blocked by Mattias Ekholm.
16:01 of 3rd period - Shot by Timo Meier.
16:01 of 3rd period - Shot Misses the Net.
16:03 of 3rd period - Shot by Joel Eriksson Ek.
16:03 of 3rd period - Stopped by Ilya Samsonov with a rebound.
16:29 of 3rd period - Shot by John Tavares.
16:29 of 3rd period - Stopped by Ilya Samsonov without a rebound.
16:30 of 3rd period - Elias Lindholm wins face-off versus Boone Jenner in KANSAS CITY KILLERBEES zone.
16:31 of 3rd period - Shot by Quinton Hughes.
16:31 of 3rd period - Shot Misses the Net.
16:50 of 3rd period - Shot by Mats Zuccarello.
16:50 of 3rd period - Deflect By Roope Hintz.
16:50 of 3rd period - Shot Misses the Net.
16:59 of 3rd period - Shot by Riley Stillman.
16:59 of 3rd period - Stopped by Jordan Binnington without a rebound.
17:00 of 3rd period - Jordan Staal wins face-off versus Morgan Barron in BANFF WOLVES zone.
17:11 of 3rd period - Shot by Jordan Staal.
17:11 of 3rd period - Stopped by Ilya Samsonov with a rebound.
17:14 of 3rd period - Icing by Riley Stillman.
17:15 of 3rd period - Joel Eriksson Ek wins face-off versus Zach Aston-Reese in KANSAS CITY KILLERBEES zone.
17:23 of 3rd period - Icing by Daniel Walcott.
17:24 of 3rd period - Joel Eriksson Ek wins face-off versus Morgan Barron in KANSAS CITY KILLERBEES zone.
17:37 of 3rd period - Shot by Joel Eriksson Ek.
17:37 of 3rd period - Stopped by Ilya Samsonov without a rebound.
17:38 of 3rd period - Philipp Kurashev wins face-off versus Elias Lindholm in KANSAS CITY KILLERBEES zone.
18:09 of 3rd period - Shot by Elias Lindholm.
18:09 of 3rd period - Goal by Elias Lindholm - BANFF WOLVES : 4 - KANSAS CITY KILLERBEES : 0.
18:10 of 3rd period - Alexis Lafreniere wins face-off versus Joel Eriksson Ek in neutral zone.
18:25 of 3rd period - Icing by Nicholas Paul.
18:26 of 3rd period - Jordan Staal wins face-off versus Tyler Johnson in KANSAS CITY KILLERBEES zone.
18:45 of 3rd period - Icing by Sean Walker.
18:46 of 3rd period - Elias Lindholm wins face-off versus Tyler Johnson in KANSAS CITY KILLERBEES zone.
18:53 of 3rd period - Shot by John Tavares.
18:53 of 3rd period - Shot Misses the Net.
19:31 of 3rd period - Shot by John Tavares.
19:31 of 3rd period - Shot Misses the Net.
19:33 of 3rd period - Shot by Quinton Hughes.
19:33 of 3rd period - Stopped by Ilya Samsonov without a rebound.
19:34 of 3rd period - Joel Eriksson Ek wins face-off versus Boone Jenner in KANSAS CITY KILLERBEES zone.
19:58 of 3rd period - Miro Heiskanen is hit by Mattias Ekholm.
Goals for this period are 3 for BANFF WOLVES vs 0 for KANSAS CITY KILLERBEES.
Shots for this period are 18 for BANFF WOLVES vs 4 for KANSAS CITY KILLERBEES.


ROOPE
HINTZ
ARTEMI
PANARIN
MIRO
HEISKANEN

EAST COAST

HOCKEY LEAGUE

  • 59.RHI1PIT5
  • 60.WOR6ATL7
  • 61.CHWQUE
  • 62.TRVCHA